 Dungeon Crawl Stone Soup version 0.29.0-5-ge4962eb29e (webtiles) character file.

Game seed: 12881410744641641502

1055 xian the Chopper (level 8, -5/70 HPs)
             Began as a Yellow Draconian Berserker on Aug 29, 2022.
             Was a Believer of Trog.
             Slain by a vampire (13 damage)
             ... on level 6 of the Dungeon.
             The game lasted 00:07:56 (2553 turns).

xian the Chopper (Yellow Draconian Berserker)       Turns: 2553, Time: 00:07:57

Health: -5/70      AC:  7    Str: 28    XL:     8   Next: 5%
Magic:  8/8        EV: 13    Int:  8    God:    Trog [**....]
Gold:   146        SH:  0    Dex: 10    Spells: 7/7 levels left

rFire   . . .      SeeInvis +   B - +0 war axe
rCold   . . .      Faith    .   g - orb {mayhem}
rNeg    . . .      Spirit   .   (body armour unavailable)
rPois   .          Reflect  .   (helmet restricted)
rElec   .          Harm     .   m - +0 cloak
rCorr   +          Rampage  .   (no gloves)
Will    .....                   (no boots)
Stlth   ++........              h - amulet of regeneration
HPRegen 1.01/turn               i - ring of see invisible
MPRegen 0.11/turn               l - +6 ring of strength

@: lethally poisoned (-5 -> -5), short of breath, on berserk cooldown, slowed,
very slow
A: spit acid, AC +6, unfitting armour, cold-blooded, acid resistance
a: Breathe Acid, Renounce Religion, Berserk, Trog's Hand


You were on level 6 of the Dungeon.
You worshipped Trog.
Trog was pleased with you.
You visited 1 branch of the dungeon, and saw 4 of its levels.

You collected 146 gold pieces.

Inventory:

Hand Weapons
 B - a +0 war axe (weapon)
Missiles
 j - 2 throwing nets (quivered)
 v - 4 curare-tipped darts
Armour
 g - an orb of mayhem (worn)
 m - a +0 cloak (worn)
Jewellery
 h - an amulet of regeneration (around neck)
 i - a ring of see invisible (left hand)
 l - a +6 ring of strength (right hand)
 w - a ring of protection from fire
 y - a +6 ring of strength
Wands
 a - a wand of digging (4)
 p - a wand of flame (27)
Scrolls
 b - a scroll of enchant weapon {unknown}
 d - a scroll of magic mapping {unknown}
 e - a scroll of teleportation {unknown}
 f - a scroll of butterflies {unknown}
 n - a scroll of fear {unknown}
 q - a scroll of amnesia {unknown}
 s - a scroll of summoning {unknown}
 u - a scroll of immolation {unknown}
 z - 2 scrolls of poison {unknown}
Potions
 c - 2 potions of flight
 k - 2 potions of mutation
 o - a potion of brilliance {unknown}
 t - a potion of invisibility {unknown}
 x - a potion of attraction {unknown}
 A - a potion of curing {unknown}
 C - a potion of ambrosia {unknown}
 D - a potion of degeneration {unknown}


   Skills:
 + Level 5.6 Fighting
 + Level 7.4 Axes
 + Level 0.1 Throwing
 + Level 4.4 Dodging
 + Level 2.5 Stealth


You had 7 spell levels left.
You didn't know any spells.
Your spell library was empty.

Dungeon Overview and Level Annotations

Branches:
Dungeon (6/15)
 Temple: D:4-7

Altars:
Uskayaw


Innate Abilities, Weirdness & Mutations

You can spit globs of acid.
Your golden yellow scales are hard. (AC +6)
You cannot fit into any form of body armour.
You are cold-blooded and may be slowed by cold attacks.
You are resistant to acid. (rCorr)


Message History

You miss the killer bee.
The killer bee is severely wounded.
You feel very sick.
The killer bee stings you but does no damage.
A vampire comes into view.
The killer bee closely misses you.
You slash the killer bee!
You kill the killer bee!
Trog accepts your kill.
The vampire flies into a frenzy!
You feel very sick.
You feel sick.
You see here a killer bee corpse.
You feel a strong urge to attack something.
You feel sick.
You hit the vampire.
The vampire is lightly damaged.
You feel sick. The vampire misses you. The vampire barely misses you.
You barely miss the vampire.
You tail-slap the vampire, but do no damage.
The vampire is lightly damaged.
You feel sick. The vampire hits you! The vampire bites you!
The vampire draws strength from your injuries!
You barely miss the vampire.
You tail-slap the vampire, but do no damage.
You are no longer berserk.
You are exhausted.
You feel yourself slow down.
You feel sick. The vampire closely misses you. The vampire bites you!
* * * LOW HITPOINT WARNING * * *
The vampire draws strength from your injuries!
Okay, then.
Okay, then.
Press: ? - help, Shift-Dir - straight line, f - vampire
Aim: a vampire (fast, strong, frenzied and insane, 64% to hit)
You spit a glob of acid.
The glob of acid hits the vampire!
The acid corrodes the vampire!
The vampire is moderately damaged.
You feel sick. The vampire hits you!
You die...

....#......##
....##......###
..............#
.....#...##....#.
.##.###..##...... # #
###............###
.##.#
#......#.##[....##.(.#
##......####.......(#
......#.#.......@V..#
.....##.........†...#
........#..#.......##
##......#..##....###
##.............##
#........####.#
###...#.## ### ##.####
###


You could see a neutral vampire (fast, strong, insane, corroded).

Vanquished Creatures
  Sigmund (D:2)
  A yak (D:6)
  Edmund (D:6)
  2 ice beasts (D:6)
  A killer bee (D:6)
  2 hounds (D:6)
  2 gnoll boudas (D:6)
  Terence (D:2)
  2 orc wizards (D:6)
  5 gnolls
  5 adders
  A worm (D:2)
  2 dart slugs
  4 orcs
  5 endoplasms
  3 giant cockroaches
  2 goblins (D:1)
  8 hobgoblins
  2 quokkas (D:2)
  7 ball pythons
  2 frilled lizards (D:2)
  7 kobolds
  12 rats
78 creatures vanquished.

Vanquished Creatures (collateral kills)
  4 gnolls (D:6)
  An adder (D:6)
5 creatures vanquished.

Vanquished Creatures (others)
  A fungus (D:1)
  A plant (D:1)
2 creatures vanquished.

Grand Total: 85 creatures vanquished

Notes
Turn   | Place    | Note
-------+----------+-------------------------------------------
     0 | D:1      | xian the Draconian Berserker began the quest for the Orb.
     0 | D:1      | Reached XP level 1. HP: 19/19 MP: 1/1
   490 | D:1      | Reached XP level 2. HP: 26/26 MP: 2/2
   935 | D:1      | Reached ** piety under Trog
   940 | D:1      | Reached XP level 3. HP: 27/31 MP: 3/3
  1151 | D:2      | Noticed Sigmund
  1157 | D:2      | Killed Sigmund
  1158 | D:2      | Reached skill level 4 in Axes
  1158 | D:2      | Reached skill level 1 in Stealth
  1158 | D:2      | Reached XP level 4. HP: 40/40 MP: 4/4
  1158 | D:2      | Reached XP level 5. HP: 46/46 MP: 5/5
  1232 | D:2      | Noticed Terence
  1241 | D:2      | Killed Terence
  1311 | D:2      | Reached skill level 5 in Axes
  1412 | D:2      | Found a faded altar of an unknown god.
  1476 | D:2      | Reached XP level 6. HP: 32/53 MP: 6/6
  2133 | D:3      | Found a hide-covered altar of Uskayaw.
  2243 | D:3      | You fall into a shaft and drop 3 floors!
  2396 | D:6      | Noticed Edmund
  2399 | D:6      | Noticed an ice beast
  2412 | D:6      | Killed Edmund
  2413 | D:6      | Reached skill level 5 in Fighting
  2413 | D:6      | Reached skill level 6 in Axes
  2413 | D:6      | Your scales start taking on a golden yellow colour.
  2413 | D:6      | Reached XP level 7. HP: 28/61 MP: 7/7
  2413 | D:6      | Gained mutation: You are resistant to acid. (rCorr) [Yellow
                  | Draconian growth]
  2516 | D:6      | Reached skill level 7 in Axes
  2532 | D:6      | Noticed a yak
  2544 | D:6      | Killed a yak
  2545 | D:6      | Reached XP level 8. HP: 69/69 MP: 8/8
  2553 | D:6      | Slain by a vampire

Illustrated notes

Levels and vault maps discovered:
D:1:      lemuel_arrival_muddy, layout_rooms, minmay_rat_gold_closets
D:2:      layout_loops_ring, chequers_ecumenical_altar_twisty, minmay_3d_cube,
          uniq_terence, uniq_sigmund
D:3:      layout_loops_ring, mainiacjoe_overflow_alcove_2, kennysheep_boxes
D:6:      minmay_cornered_nines, layout_cave_pools, serial_glass,
          glass_columns_a, glass_columns_b, uniq_edmund

Skill      XL: |  1  2  3  4  5  6  7 |
---------------+----------------------+-----
Dodging        | 3 4 |  4.4
Fighting       | 4 5 |  5.6
Axes           | 4 5 6 7 |  7.4
Stealth        | 1 2 |  2.5
Throwing       | |  0.1

Action                   |  1- 3 |  4- 6 |  7- 9 || total
-------------------------+-------+-------+-------++-------
Melee: Hand axe          |    82 |    91 |       ||   173
       Tailslap          |    10 |     9 |     8 ||    27
       War axe           |       |    20 |    33 ||    53
Throw: Dart              |       |       |     3 ||     3
Invok: Berserk           |     2 |     4 |     1 ||     7
       Trog's Hand       |     1 |     3 |       ||     4
 Abil: Breathe Acid      |       |       |     2 ||     2
  Use: Scroll            |       |     2 |       ||     2
 Stab: Sleeping          |     3 |     2 |       ||     5
       Distracted        |       |     1 |       ||     1
Armor: Skin              |    16 |    35 |     9 ||    60
Dodge: Dodged            |    54 |    81 |    24 ||   159
